 Dungeon Crawl Stone Soup version 0.21-a0-509-gecc5317402 (webtiles) character file.

3159 Kaname the Destroyer (level 9, -1/57 HPs)
             Began as a Demonspawn Wizard on Nov 30, 2017.
             Was a Believer of Vehumet.
             Slain by an orc warrior
             ... wielding a +0 dire flail
              (17 damage)
             ... on level 7 of the Dungeon.
             The game lasted 00:28:11 (7952 turns).

Kaname the Destroyer (Demonspawn Wizard)            Turns: 7952, Time: 00:28:11

Health: -1/57      AC:  5    Str: 13    XL:     9   Next: 62%
Magic:  14/16      EV: 11    Int: 24    God:    Vehumet [**....]
Gold:   158        SH:  0    Dex: 12    Spells: 5/18 levels left

rFire    . . .     SeeInvis .   x - +8 trident of the Octopus King {venom, rElec rPois MR+}
rCold    . . .     Gourm    .   (no shield)
rNeg     . . .     Faith    .   G - +0 leather armour of Liff {rElec}
rPois    +         Spirit   .   w - +0 helmet
rElec    +         Reflect  .   (no cloak)
rCorr    .         Harm     .   v - +0 pair of gloves {archery}
MR       +....                  (no boots)
Stlth    ++........             (no amulet)
HPRegen  0.19/turn              c - +2 ring of intelligence
MPRegen  0.15/turn              (no ring)

@: mighty
A: claws 1, powered by pain 1
a: Renounce Religion


You were on level 7 of the Dungeon.
You worshipped Vehumet.
Vehumet was pleased with you.
You were not hungry.

You visited 2 branches of the dungeon, and saw 8 of its levels.
You also visited: Ossuary.

You collected 399 gold pieces.
You spent 241 gold pieces at shops.

Inventory:

Hand Weapons
 x - the +8 trident of the Octopus King (weapon) {venom, rElec rPois MR+}
   (You found it on level 6 of the Dungeon)

   It poisons the flesh of those it strikes.
   It insulates you from electricity.
   It protects you from poison.
   It affects your resistance to hostile enchantments.
 B - a +0 blowgun
Missiles
 C - 27 poisoned needles
Armour
 b - a +1 scale mail of magic resistance
 v - a +0 pair of gloves of archery (worn)
 w - a +0 helmet (worn)
 G - the +0 leather armour of Liff (worn) {rElec}
   (You bought it in a shop on level 6 of the Dungeon)

   It insulates you from electricity.
Jewellery
 c - a +2 ring of intelligence (left hand)
 J - an uncursed ring of resist corrosion {unknown}
Wands
 l - a wand of paralysis (5)
 I - a wand of disintegration (17)
Scrolls
 g - 2 scrolls of enchant weapon
 j - 6 scrolls of teleportation
 o - a scroll of noise {unknown}
 s - 3 scrolls of remove curse
 u - a scroll of immolation
 y - a scroll of fog
 E - 2 scrolls of fear {unknown}
 F - a scroll of magic mapping
 H - a scroll of torment {unknown}
Potions
 e - 12 potions of curing
 h - 2 potions of cancellation {unknown}
 i - a potion of degeneration {unknown}
 k - 2 potions of haste {unknown}
 m - a potion of ambrosia {unknown}
 n - 3 potions of lignification
 p - a potion of resistance {unknown}
 q - 2 potions of berserk rage {unknown}
 r - 3 potions of brilliance
 t - 2 potions of agility
 A - 2 potions of heal wounds
 D - a potion of might {unknown}
Books
 z - a book of Frost

   Spells                             Type                      Level
   a - Freeze                         Ice                          1
   b - Throw Frost                    Conjuration/Ice              2
   c - Ozocubu's Armour               Charms/Ice                   3
   d - Throw Icicle                   Conjuration/Ice              4
   e - Summon Ice Beast               Ice/Summoning                4
Comestibles
 a - a royal jelly
 d - 6 bread rations
 f - 6 meat rations
 K - 3 chunks of flesh


   Skills:
 - Level 1.7 Dodging
 - Level 1.7 Stealth
 - Level 5.0 Spellcasting
 - Level 9.2 Conjurations
   Level 1.0 Summonings
 - Level 1.0 Translocations
 - Level 5.3 Fire Magic
 + Level 0.8 Ice Magic
 - Level 4.0 Air Magic
 - Level 4.2 Poison Magic


You had 5 spell levels left.
You knew the following spells:

 Your Spells              Type           Power        Failure   Level  Hunger
a - Magic Dart            Conj           ####         1%          1    None
b - Blink                 Tloc           N/A          11%         2    None
c - Mephitic Cloud        Conj/Pois/Air  ####....     3%          3    ##.....
d - Conjure Flame         Conj/Fire      #####...     1%          3    ##.....
e - Throw Icicle          Conj/Ice       ####....     14%         4    ####...


Dungeon Overview and Level Annotations

Branches:
Dungeon (7/15)             Temple (1/1) D:4

Altars:
Ashenzari
Elyvilon
Hepliaklqana
Nemelex Xobeh
Okawaru
Qazlal
Sif Muna
Trog
Uskayaw
Vehumet
Wu Jian
Yredelemnul

Shops:
D:6 *


Innate Abilities, Weirdness & Mutations

You have sharp fingernails.
You sometimes gain a little power by taking damage.


Message History

Confirm with . or Enter, or press ? or * to list all spells.
Aiming: Magic Dart
Press: ? - help, Shift-Dir - straight line, f/p - orc
Aim: an orc (lightly wounded)
The magic dart hits the orc.
The orc is severely wounded.
You closely miss the orc.
The orc is severely wounded.
The orc hits you but does no damage. The orc barely misses you.
You hit the orc warrior but do no damage.
The orc hits you with a morningstar!
The orc falls through a shaft!
The shaft crumbles and collapses.
You barely miss the orc warrior.
The orc warrior hits you with a dire flail!!
You focus on the pain.
You feel very mighty all of a sudden. The orc hits you with a morningstar.
* * * LOW HITPOINT WARNING * * *
The orc warrior hits you with a dire flail!
You die...

####.....# #.....# #.)...#
####....[## ..........##
.######...... .# #..####.
.######..# #.### ....).#..#
#.$@##
#####)#..#######.o##########
###.......#####.o.........
#...........#####......)..
#.........#.....#.$.......
#.........#####...........
########### ###.........
#?........ #.........


You could see an orc warrior and an orc.

Vanquished Creatures
  The ghost of loom the Transmogrifier, a novice MfTm (D:7)
  Duvessa (D:6)
  An orc warrior (D:6)
  2 ice beasts
  A sky beast (D:5)
  3 phantoms
  4 ogres
  A centaur (D:5)
  A big kobold (D:5)
  2 bullfrogs (D:6)
  Blork the orc (D:5)
  Dowan (D:6)
  3 scorpions
  A howler monkey (D:5)
  A wight (D:7)
  4 crimson imps
  An orc priest (D:3)
  2 hounds
  3 bullfrog skeletons (D:5)
  2 gnoll shamans (D:6)
  An iguana (D:4)
  3 orc wizards (D:3)
  6 worker ants
  A killer bee zombie (D:7)
  3 mummies (Ossuary)
  11 gnolls
  3 adders
  A shadow imp (D:5)
  2 oozes
  4 adder zombies (Ossuary)
  A worm (D:2)
  3 dart slugs
  6 leopard geckos
  12 orcs
  4 giant cockroaches
  2 gnoll zombies (Ossuary)
  5 goblins
  7 hobgoblins
  4 jackals (D:2)
  7 kobolds
  6 quokkas
  A ball python (D:2)
  15 bats
  8 frilled lizards
  2 goblin zombies (Ossuary)
  3 hobgoblin zombies (Ossuary)
  3 kobold zombies (Ossuary)
  A leopard gecko skeleton (D:4)
  2 quokka zombies (Ossuary)
  5 rats
  2 rat zombies (Ossuary)
170 creatures vanquished.

Notes
Turn   | Place    | Note
-------+----------+-------------------------------------------
     0 | D:1      | Kaname the Demonspawn Wizard began the quest for the Orb.
     0 | D:1      | Reached XP level 1. HP: 13/13 MP: 4/4
   304 | D:1      | Reached skill level 2 in Conjurations
   358 | D:1      | Gained mutation: You have sharp fingernails. [demonic ancestry]
   358 | D:1      | Reached XP level 2. HP: 18/19 MP: 0/6
   379 | D:1      | Learned a level 2 spell: Blink
   859 | D:1      | Reached skill level 3 in Conjurations
  1206 | D:2      | Reached XP level 3. HP: 24/24 MP: 3/7
  1290 | D:2      | Reached skill level 1 in Translocations
  1295 | D:2      | Learned a level 3 spell: Mephitic Cloud
  1471 | D:2      | Reached skill level 1 in Air Magic
  1668 | D:2      | Found an ornate altar of the Wu Jian Council.
  1734 | D:2      | Reached skill level 1 in Poison Magic
  1882 | D:2      | Reached XP level 4. HP: 30/30 MP: 6/8
  1887 | D:2      | Learned a level 3 spell: Conjure Flame
  1908 | D:2      | Found an iron altar of Okawaru.
  1998 | D:2      | Found a faded altar of an unknown god.
  2254 | D:3      | Found a bloodstained altar of Trog.
  2306 | D:3      | Reached skill level 4 in Conjurations
  2311 | D:3      | Gained mutation: You sometimes gain a little power by taking damage. [demonic ancestry]
  2311 | D:3      | Reached XP level 5. HP: 27/35 MP: 1/9
  2773 | D:3      | Reached skill level 1 in Fire Magic
  2928 | D:4      | Noticed an ogre
  2940 | D:4      | Killed an ogre
  2940 | D:4      | Reached XP level 6. HP: 41/41 MP: 4/10
  3053 | D:3      | Reached skill level 5 in Conjurations
  3515 | D:4      | Reached XP level 7. HP: 24/46 MP: 2/13
  3790 | D:4      | Found a staircase to the Ecumenical Temple.
  3798 | Temple   | Entered the Ecumenical Temple
  3835 | Temple   | Became a worshipper of Vehumet
  4008 | D:4      | Reached skill level 6 in Conjurations
  4269 | D:5      | Entered Level 5 of the Dungeon
  4662 | D:5      | Reached XP level 8. HP: 35/52 MP: 4/14
  4947 | D:5      | Reached skill level 7 in Conjurations
  5249 | D:5      | Reached skill level 8 in Conjurations
  5583 | D:5      | Reached * piety under Vehumet
  5583 | D:5      | Offered knowledge of Shock by Vehumet.
  5583 | D:5      | Reached skill level 5 in Spellcasting
  5657 | D:5      | Noticed Blork the orc
  5743 | D:5      | Killed Blork the orc
  5749 | D:5      | Found a deep blue altar of Sif Muna.
  6082 | D:6      | Found the +8 trident of the Octopus King {venom, rElec rPois MR+}
  6134 | D:6      | Noticed Duvessa
  6135 | D:6      | Noticed Dowan
  6155 | D:6      | Killed Duvessa
  6155 | D:6      | Reached skill level 9 in Conjurations
  6155 | D:6      | Reached XP level 9. HP: 53/57 MP: 10/16
  6158 | D:6      | Killed Dowan
  6172 | D:6      | Found a sand-covered staircase.
  6184 | Ossuary  | Entered an ossuary
  6488 | D:6      | Reached ** piety under Vehumet
  6488 | D:6      | Offered knowledge of Freeze by Vehumet.
  6545 | D:6      | Found a shattered altar of Ashenzari.
  6688 | D:6      | Found Ykhaderr's Assorted Antiques.
  6691 | D:6      | Bought a scroll of magic mapping for 80 gold pieces
  6691 | D:6      | Bought a spiked leather armour for 161 gold pieces
  6703 | D:6      | Identified the +0 leather armour of Liff {rElec} (You bought it in a shop on level 6 of the Dungeon)
  7078 | D:6      | Found a white marble altar of Elyvilon.
  7326 | D:6      | Found a basalt altar of Yredelemnul.
  7693 | D:7      | Noticed loom's ghost (novice MfTm)
  7720 | D:7      | Killed loom's ghost
  7720 | D:7      | Reached skill level 5 in Fire Magic
  7882 | D:7      | Learned a level 4 spell: Throw Icicle
  7952 | D:7      | Slain by an orc warrior

Vault maps used:
D:1:      dpeg_arrival_signposts
D:2:      nicolae_overflow_hidden_temple, lemuel_doored_altar,
          chequers_ecumenical_altar_simple
D:3:      nicolae_overflow_crystal_walls
D:4:      minmay_temple_entry_nine_rooms, grunt_ministairs_13
D:5:      tgw_sif, first_bread, st_stairs_1
D:6:      kennysheep_ying_yang, lightli_ossuary_entry_decrepit_ruins,
          serial_shops, kennysheep_mini, cheibrodos_ashenzari_chains,
          uniq_duvessa
D:7:      minmay_a_box_with_orc_wizards_in_it
Temple:   compressed_dpeg_circular_temple
Ossuary:  ossuary_minmay_chase

Skill      XL: |  1  2  3  4  5  6  7  8  9 |
---------------+----------------------------+-----
Conjurations   | 2 3 4 5 6 9 |  9.2
Translocations | 1 |  1.0
Air Magic      | 1 2 3 4 |  4.0
Poison Magic   | 1 2 3 4 |  4.2
Fire Magic     | 1 2 3 5 |  5.3
Spellcasting   | 4 5 |  5.0
Dodging        | |  1.7
Stealth        | |  1.7
Summonings     | |  1.0
Ice Magic      | |  0.8

Action                   |  1- 3 |  4- 6 |  7- 9 || total
-------------------------+-------+-------+-------++-------
Melee: Unarmed           |    34 |       |       ||    34
       Spear             |    29 |    80 |    90 ||   199
       Trident           |       |       |   135 ||   135
 Fire: Blowgun           |       |       |    15 ||    15
 Cast: Magic Dart        |    95 |    93 |   221 ||   409
       Mephitic Cloud    |       |     5 |    11 ||    16
       Blink             |       |     2 |     4 ||     6
       Conjure Flame     |       |       |     9 ||     9
Evoke: Wand              |       |       |     3 ||     3
  Use: Scroll            |       |     1 |    11 ||    12
 Stab: Sleeping          |     1 |     1 |     3 ||     5
       Confused          |       |     2 |     5 ||     7
       Paralysed         |       |       |    11 ||    11
  Eat: Chunk             |     3 |     5 |    12 ||    20
       Fruit             |       |       |     4 ||     4
Armor: Robe              |    23 |    10 |    24 ||    57
       Leather armour    |       |       |    10 ||    10
Dodge: Dodged            |    68 |    68 |   126 ||   262

Table legend:
 A = Spawn XP
 B = Non-spawn XP
 C = Spawn XP percentage of total XP
 D = Spawn monster count
 E = Non-spawn monster count
 F = Spawn count percentage of total count
 G = Total turns spent on level
                    A         B        C        D         E        F      G
               +---------+---------+-------+---------+---------+-------+---------
         Total |       0 |    4514 |   0.0 |       0 |     170 |   0.0 |  7952
               +---------+---------+-------+---------+---------+-------+---------
           D:1 |       0 |      39 |   0.0 |       0 |      21 |   0.0 |  1183
           D:2 |       0 |      75 |   0.0 |       0 |      29 |   0.0 |  1057
           D:3 |       0 |     293 |   0.0 |       0 |      20 |   0.0 |   827
           D:4 |       0 |     698 |   0.0 |       0 |      16 |   0.0 |  1309
           D:5 |       0 |    1410 |   0.0 |       0 |      31 |   0.0 |  1529
           D:6 |       0 |     822 |   0.0 |       0 |      21 |   0.0 |  1358
           D:7 |       0 |    1085 |   0.0 |       0 |      11 |   0.0 |   353
       Ossuary |       0 |      92 |   0.0 |       0 |      21 |   0.0 |   276
               +---------+---------+-------+---------+---------+-------+---------
